 Dungeon Crawl Stone Soup version 0.19.0-22-gd96e5fe (webtiles) character file.

34636 Millan the Blocker (level 14, -8/98 HPs)
             Began as a Formicid Fighter on Nov 18, 2016.
             Was a High Priest of the Shining One.
             Mangled by Rupert
             ... wielding a +2 great mace of holy wrath
              (39 damage)
             ... on level 12 of the Dungeon.
             The game lasted 00:33:25 (12040 turns).

Millan the Blocker (Formicid Fighter)              Turns: 12040, Time: 00:33:26

Health: -8/98      AC: 18    Str: 28    XL:     14   Next: 14%
Magic:  14/14      EV: 10    Int: 10    God:    the Shining One [*****.]
Gold:   943        SH: 15    Dex: 12    Spells: 0 memorised, 13 levels left

rFire  . . .     SeeInvis +     y - +0 halberd
rCold  . . .     Gourm    .     a - quicksilver dragon scales
rNeg   + + .     Faith    .     Q - +1 shield {reflect}
rPois  +         Spirit   .     (helmet unavailable)
rElec  .         Reflect  +     l - +0 cloak
rCorr  .         Harm     +     u - +1 pair of gloves
MR     ++...                    B - +0 pair of boots
Stlth  +.........               e - amulet of harm
                                M - +4 ring of intelligence
                                o - ring of poison resistance

@: glowing
A: permanent stasis, dig shafts and tunnels, four strong arms, antennae 3, thin
skeletal structure 1, dopey 1, frail 1, sense surroundings 1, strong 1
a: Dig, Shaft Self, Divine Shield, Cleansing Flame, Summon Divine Warrior,
Renounce Religion


You were on level 12 of the Dungeon.
You worshipped the Shining One.
The Shining One was extremely pleased with you.
You were not hungry.

You visited 1 branch of the dungeon, and saw 13 of its levels.

You collected 943 gold pieces.

Inventory:

Hand Weapons
 b - a +0 glaive
 y - a +0 halberd (weapon)
Missiles
 k - a throwing net (quivered)
Armour
 a - quicksilver dragon scales (worn)
 l - a +0 cloak (worn)
 u - a +1 pair of gloves (worn)
 B - a +0 pair of boots (worn)
 Q - a +1 shield of reflection (worn)
Jewellery
 e - an amulet of harm (around neck)
 o - a ring of poison resistance (left hand)
 M - a +4 ring of intelligence (right hand)
 T - an uncursed ring of fire
Wands
 q - a wand of confusion (19/48)
 w - a wand of flame (13/48)
 K - a wand of flame (28/48)
 L - a wand of flame (27/48)
 S - a wand of disintegration (13/24)
Scrolls
 h - 5 scrolls of teleportation
 j - 4 scrolls of remove curse
 n - 2 scrolls of magic mapping
 p - a scroll of fog
 r - 2 scrolls of enchant armour
 v - 3 scrolls of identify
 D - a scroll of blinking
 E - 2 scrolls of random uselessness
 F - a scroll of noise
 H - a scroll of holy word
 I - 2 scrolls of amnesia
 J - a scroll of immolation
 O - 2 scrolls of enchant weapon
 R - 2 scrolls of fear
Potions
 c - 2 potions of lignification
 d - 4 potions of might
 g - a potion of cancellation
 s - 4 potions of brilliance
 x - a potion of flight
 A - 3 potions of ambrosia
 N - 2 potions of curing
Books
 t - a book of Minor Magic

   Spells                             Type                      Level
   a - Magic Dart                     Conjuration                  1
   b - Blink                          Translocation                2
   c - Call Imp                       Summoning                    2
   d - Repel Missiles                 Charms/Air                   2
   e - Slow                           Hexes                        2
   f - Conjure Flame                  Conjuration/Fire             3
   g - Mephitic Cloud                 Conjuration/Poison/Air       3
 C - a book of Conjurations

   Spells                             Type                      Level
   a - Magic Dart                     Conjuration                  1
   b - Searing Ray                    Conjuration                  2
   c - Dazzling Spray                 Conjuration/Hexes            3
   d - Fulminant Prism                Conjuration/Hexes            4
   e - Iskenderun's Mystic Blast      Conjuration                  4
   f - Iskenderun's Battlesphere      Conjuration/Charms           5
 P - a book of Callings

   Spells                             Type                      Level
   a - Summon Small Mammal            Summoning                    1
   b - Call Imp                       Summoning                    2
   c - Call Canine Familiar           Summoning                    3
   d - Summon Guardian Golem          Hexes/Summoning              3
   e - Summon Lightning Spire         Summoning/Air                4
   f - Summon Ice Beast               Ice/Summoning                4
Comestibles
 f - 7 bread rations
 i - 2 beef jerkies
 m - 2 meat rations
 z - 17 chunks of flesh
 G - 29 fruits


   Skills:
 + Level 9.9 Fighting
 + Level 12.0 Polearms
 - Level 8.5 Throwing
 + Level 9.9 Armour
 * Level 14.3 Shields


You had 13 spell levels left.
You didn't know any spells.

Dungeon Overview and Level Annotations

Branches:
Dungeon (13/15) Temple (0/1) D:6 Lair (0/6) D:11 Orc (0/2) D:11 Vaults (0/5) D:12 D:13

Altars:
Elyvilon
Kikubaaqudgha
Nemelex Xobeh
Qazlal
The Shining One
Lugonu

Annotations:
D:12 Rupert


Innate Abilities, Weirdness & Mutations

You are under a permanent stasis effect.
You can dig through walls and to a lower floor.
Your four strong arms can wield two-handed weapons with a shield.
You have a pair of large antennae on your head. (SInv)
You have a somewhat thin skeletal structure. (Dex +2, Stealth)
You are dopey. (Int -2)
You are frail. (-10% HP)
You passively map a small area around you.
Your muscles are strong. (Str +2)


Message History

You block Rupert's attack.
You hit Rupert.
Rupert is lightly wounded.
Rupert barely misses you.
You slash Rupert!
Rupert is lightly wounded.
You block Rupert's attack.
You impale Rupert!!
Rupert is moderately wounded.
Rupert hits you with a great mace of holy wrath!!
You slice Rupert!!
Rupert is heavily wounded.
Rupert closely misses you.
You hit Rupert.
Rupert is heavily wounded.
You block Rupert's attack.
You hit Rupert but do no damage.
Rupert is heavily wounded.
Rupert hits you with a great mace of holy wrath!!
You die...

....# #.#.##.##
####.# #.###
#.#.##.# #.#
#.#######.#.##.#
#.#
............##p#
#.#
####..########p#
#.# ####..# #{# #.#
......########p#
#.#
####......p.ppp###
#.# #>.########{#@#
#.# #..# ##@## #.#
#..################
#.#
#.................#
#.#
##.##############.#
##.## #.# #.###...#
#.#
#########.##....#
#.#
#.........##....#
##.##
#.##########.####


You could see Rupert (berserk).

Vanquished Creatures
  Fannar (D:10)
  The ghost of Millan the Blocker, a journeyman FoFi of Ashenzari (D:10)
  A queen ant (D:11)
  An unseen horror (D:11)
  3 hill giants
  Pikel (D:5)
  A cyclops (D:9)
  2 manticores (D:12)
  2 centaur zombies
  A centaur skeleton (D:11)
  3 kobold demonologists (D:11)
  A meliai zombie (D:11)
  A slime creature (D:12)
  A hornet (D:11)
  4 hippogriffs
  A shadow (D:11)
  2 wraiths
  12 yaks
  5 humans (D:12)
  A basilisk (D:12)
  2 hungry ghosts
  A steam dragon (D:11)
  A mottled dragon (D:12)
  Edmund (D:4)
  2 water moccasins (D:9)
  20 soldier ants (D:11)
  6 orc warriors
  3 sky beasts
  2 black bears (D:10)
  An eye of draining (D:10)
  8 ogres
  6 centaurs
  3 big kobolds
  4 bullfrogs
  A wyvern skeleton (D:6)
  3 scorpions
  18 killer bees
  4 wights (D:8)
  4 howler monkeys
  5 crimson imps
  3 bullfrog zombies
  2 jellies
  8 hounds
  4 quasits
  2 bullfrog skeletons (D:11)
  7 orc priests
  4 iguanas
  8 orc wizards
  22 worker ants
  2 worker ant zombies
  3 gnolls (D:4)
  A howler monkey skeleton (D:4)
  11 adders
  5 shadow imps
  An ooze (D:4)
  2 adder zombies
  3 adder skeletons
  A dart slug (D:2)
  9 leopard geckos
  43 orcs
  9 bats
  2 giant cockroaches
  7 goblins
  9 hobgoblins
  10 jackals
  5 quokkas
  5 frilled lizards
  A jackal zombie (D:5)
  11 kobolds
  2 quokka skeletons (D:5)
  A quokka zombie (D:9)
  8 rats
351 creatures vanquished.

Vanquished Creatures (others)
  A centaur warrior (D:11)
  A slave (D:5)
  An iguana (D:5)
  3 orcs (D:5)
  A giant cockroach (D:5)
7 creatures vanquished.

Grand Total: 358 creatures vanquished

Notes
Turn   | Place    | Note
-------+----------+-------------------------------------------
     0 | D:1      | Millan the Formicid Fighter began the quest for the Orb.
     0 | D:1      | Reached XP level 1. HP: 18/18 MP: 1/1
   183 | D:1      | Reached XP level 2. HP: 24/24 MP: 2/2
   282 | D:1      | Reached skill level 4 in Shields
   556 | D:1      | Reached XP level 3. HP: 29/29 MP: 3/3
   864 | D:2      | Found a faded altar of an unknown god.
   890 | D:2      | Became a worshipper of the Shining One
   890 | D:2      | Reached * piety under the Shining One
   970 | D:2      | Found a stormy altar of Qazlal.
  1056 | D:2      | Reached XP level 4. HP: 37/37 MP: 4/4
  1349 | D:3      | Reached skill level 1 in Throwing
  1526 | D:3      | Reached skill level 5 in Shields
  1526 | D:3      | Reached XP level 5. HP: 31/42 MP: 5/5
  1532 | D:3      | Found a sparkling altar of Nemelex Xobeh.
  1876 | D:4      | Reached ** piety under the Shining One
  1896 | D:4      | Reached XP level 6. HP: 48/48 MP: 6/6
  2187 | D:4      | Noticed Edmund
  2197 | D:4      | Killed Edmund
  2197 | D:4      | Reached skill level 6 in Shields
  2197 | D:4      | Reached XP level 7. HP: 55/55 MP: 7/7
  2798 | D:5      | Entered Level 5 of the Dungeon
  2827 | D:5      | Reached skill level 7 in Shields
  2827 | D:5      | Reached XP level 8. HP: 47/61 MP: 8/8
  2829 | D:5      | Reached skill level 5 in Armour
  2844 | D:5      | Reached skill level 5 in Fighting
  3210 | D:5      | Noticed Pikel
  3218 | D:5      | Killed Pikel
  3218 | D:5      | Reached skill level 8 in Shields
  3457 | D:5      | Found a stormy altar of Qazlal.
  3669 | D:5      | Reached XP level 9. HP: 64/68 MP: 9/9
  4078 | D:6      | Reached skill level 5 in Polearms
  4412 | D:6      | Found a staircase to the Ecumenical Temple.
  4573 | D:7      | Reached skill level 9 in Shields
  4583 | D:7      | HP: 3/69 [poisoned by a killer bee]
  4587 | D:7      | Gained mutation: You passively map a small area around you. [potion of mutation]
  4587 | D:7      | Gained mutation: You are frail. (-10% HP) [potion of mutation]
  4587 | D:7      | Gained mutation: Your muscles are strong. (Str +2) [potion of mutation]
  4588 | D:7      | HP: 1/62 [poisoned by a killer bee]
  5007 | D:7      | Found an ancient bone altar of Kikubaaqudgha.
  5602 | D:8      | Noticed a hippogriff
  5608 | D:8      | Killed a hippogriff
  5750 | D:8      | Reached *** piety under the Shining One
  5785 | D:8      | Reached XP level 10. HP: 68/69 MP: 10/10
  5865 | D:8      | Found a glowing golden altar of the Shining One.
  5896 | D:8      | Reached skill level 10 in Shields
  6216 | D:8      | Reached skill level 5 in Throwing
  6869 | D:9      | Found a white marble altar of Elyvilon.
  6887 | D:9      | Noticed a cyclops
  6925 | D:9      | Killed a cyclops
  6925 | D:9      | Reached skill level 11 in Shields
  7455 | D:9      | Reached **** piety under the Shining One
  7782 | D:10     | Entered Level 10 of the Dungeon
  7782 | D:10     | Noticed a hill giant
  7800 | D:10     | Killed a hill giant
  7800 | D:10     | Reached XP level 11. HP: 61/75 MP: 11/11
  7807 | D:10     | Noticed Fannar
  7850 | D:10     | Killed Fannar
  8184 | D:10     | Reached skill level 12 in Shields
  8725 | D:11     | Found a staircase to the Orcish Mines.
  8826 | D:11     | Found a staircase to the Lair.
  9059 | D:11     | Noticed a centaur warrior
  9066 | D:11     | Killed a centaur warrior
  9319 | D:10     | Noticed Millan's ghost (journeyman FoFi)
  9343 | D:10     | Killed Millan's ghost
  9353 | D:10     | Reached XP level 12. HP: 80/84 MP: 12/12
  9365 | D:10     | Reached skill level 13 in Shields
  9369 | D:10     | Reached ***** piety under the Shining One
  9538 | D:11     | You fall through a shaft!
  9771 | D:12     | Gained mutation: You are dopey. (Int -2) [potion of mutation]
  9771 | D:12     | Gained mutation: You have a somewhat thin skeletal structure. (Dex +2, Stealth) [potion of mutation]
 10396 | D:11     | Noticed an unseen horror
 10600 | D:11     | Killed an unseen horror
 10651 | D:11     | Found a corrupted altar of Lugonu.
 10737 | D:11     | Noticed a queen ant
 10791 | D:11     | Killed a queen ant
 10941 | D:11     | Reached skill level 14 in Shields
 11154 | D:11     | Reached XP level 13. HP: 71/91 MP: 13/13
 11597 | D:11     | Reached XP level 14. HP: 98/98 MP: 14/14
 11841 | D:13     | Found a gate to the Vaults.
 11841 | D:13     | Noticed Rupert
 12040 | D:12     | Mangled by Rupert

Skill      XL: |  1  2  3  4  5  6  7  8  9 10 11 12 13 14 |
---------------+-------------------------------------------+-----
Shields        | 4 5 6 7 8 9 11 12 14 | 14.3
Throwing       | 1 2 3 4 6 7 8 |  8.5
Armour         | 4 5 6 7 8 9 |  9.9
Fighting       | 4 5 6 7 8 9 |  9.9
Polearms       | 3 4 5 6 7 9 11 12 | 12.0

Action                   |  1- 3 |  4- 6 |  7- 9 | 10-12 | 13-15 || total
-------------------------+-------+-------+-------+-------+-------++-------
Melee: Trident           |   115 |    96 |       |       |       ||   211
       Halberd           |       |     8 |   230 |   716 |    80 ||  1034
Throw: Throwing net      |       |       |     1 |       |       ||     1
 Abil: Dig               |       |     2 |     2 |    17 |     1 ||    22
Evoke: Wand              |       |       |       |     2 |       ||     2
  Use: Potion            |       |       |    11 |     4 |     1 ||    16
       Scroll            |       |       |       |       |    16 ||    16
  Eat: Chunk             |     1 |     4 |     6 |    19 |     2 ||    32
       Fruit             |       |       |     1 |     4 |     1 ||     6
       Meat ration       |       |       |     1 |       |       ||     1
Armor: Scale mail        |    25 |    56 |       |       |       ||    81
       Quicksilver drago |       |       |    89 |   235 |    31 ||   355
Dodge: Dodged            |    17 |    42 |    97 |   182 |    31 ||   369
Block: Shield            |    55 |    56 |   154 |   456 |    57 ||   778
       Reflection        |       |       |       |     7 |     5 ||    12
